[Event "Late-Titled-Tuesday-Blitz-October-24-2023"]
[Site "Chess.com"]
[Date "2023.10.24"]
[Round "3"]
[White "Gyulamiryan-koryun"]
[Black "Hirna2005"]
[Result "0-1"]
[WhiteElo "1946"]
[BlackElo "2328"]
[TimeControl "180+1"]
[EndTime "14:29:50 PDT"]
[Termination "Hirna2005 won on time"]

1. e4 g6 2. f4 Bg7 3. Nf3 d6 4. d4 Nd7 5. Be3 c5 6. c3 cxd4 7. Bxd4 e5 8. fxe5 dxe5 9. Bf2 Ngf6 10. Bd3 O-O 11. O-O Ng4 12. Bh4 Qb6+ 13. Bf2 Qxb2 14. Nbd2 Nxf2 15. Rxf2 Qxc3 16. Bf1 Nb6 17. Rc1 Qe3 18.
Nc4 Nxc4 19. Bxc4 Bg4 20. Qc2 Bxf3 21. gxf3 Bh6 22. Rf1 Rac8 23. Qd3 Qxd3 24. Bxd3 Be3 25. Kg2 Bxf2 26. Rxf2 Rc3 27. Bc2 Rfc8 28. Bb3 Kg7 29.
f4 exf4 30. Rxf4 R8c7 31. Bd5 b5 32. h4 h5 33. e5 a5 34. e6 fxe6 35. Bxe6 b4 36. Bb3 R3c5 37. Rd4 Re5 38. Rd6 Re2+ 39. Kf3 Rh2 40. Kg3 Rb2 41. Rd8 Rc3+ 42. Kf4 Rf2+ 43.
Ke4 Re2+ 44. Kf4 Rh3 45. Rg8+ Kh7 46. Ra8 Rxh4+ 47. Kf3 Re5 0-1

[Event "Late-Titled-Tuesday-Blitz-October-24-2023"]
[Site "Chess.com"]
[Date "2023.10.24"]
[Round "3"]
[White "WPWPWP-2015"]
[Black "GMKrikor"]
[Result "0-1"]
[WhiteElo "2578"]
[BlackElo "2827"]
[TimeControl "180+1"]
[EndTime "14:29:52 PDT"]
[Termination "GMKrikor won by resignation"]

1. e4 e6 2. d4 d5 3. Nc3 Nf6 4. Bg5 dxe4 5. Nxe4 Be7 6. Nc3 h6 7. Be3 a6 8. g3 Nd5 9. Nxd5 Qxd5 10. Qf3 Nd7 11. Bg2 Nf6 12. Ne2 c6 13. O-O O-O 14. Nf4 Qb5 15. b3 e5 16. Nh5 exd4 17. Nxf6+ Bxf6 18. Bxh6 Qf5 19. Bf4 Qxc2 20. Rae1 Qg6 21. Bd6 Bg4 22. Qf4 Rfe8 23. f3 Be6 24. Be5 Bxe5 25. Rxe5 Rad8 26. Rg5 Qh6 27. Rd1 f6 28. Rc5 Qxf4 29.
gxf4 Rd6 30. Kf2 Red8 31. Bf1 b6 32. Rc2 a5 33. Rcd2 c5 34. Bd3 Rd5 35. Kg3 Rh5 36. Bb5 Rh3+ 37. Kg2 Kf7 38. Rf2 Rdh8 39. Be2 Rxh2+ 40.
Kg1 Rh1+ 41. Kg2 R8h2+ 42. Kg3 Rxf2 43. Re1 Rxe1 0-1

[Event "Late-Titled-Tuesday-Blitz-October-24-2023"]
[Site "Chess.com"]
[Date "2023.10.24"]
[Round "3"]
[White "Roedor"]
[Black "TanitoluwaAps116"]
[Result "0-1"]
[WhiteElo "2450"]
[BlackElo "2642"]
[TimeControl "180+1"]
[EndTime "14:29:58 PDT"]
[Termination "TanitoluwaAps116 won by resignation"]

1. d4 Nf6 2. c4 e6 3. g3 d5 4. Bg2 Bb4+ 5. Bd2 Bd6 6. cxd5 exd5 7. Nc3 c6 8. Nh3 O-O 9. O-O Bf5 10. Kh1 Nbd7 11.
f3 Re8 12. Re1 Nb6 13. b3 Ba3 14. Bc1 Bb4 15. Bd2 c5 16. dxc5 Bxc5 17. g4 Bg6 18.
Nf4 d4 19. Na4 Bd6 20. Nxb6 Qxb6 21. Nxg6 hxg6 22. Rc1 Nd5 23. Rc4 Bc7 24. Qc2 Qd6 25.
f4 Rac8 26. Qd3 Nxf4 27. Qxd4 Qxd4 28. Rxd4 Nxe2 29. Rd7 Bf4 30. Bxb7 Bxd2 31. Rxd2 Ng3+ 32. Kg2 Rxe1 33. Bxc8 Ne4 34. Rd8+ Kh7 35. Ba6 Re3 36. Rd7 f5 37. gxf5 gxf5 38. Bd3 Kg6 39. Bxe4 fxe4 40.
Rxa7 Kf5 41. Rxg7 Re2+ 42. Kg3 Rxa2 43. Rf7+ Ke6 44. Rf8 Rb2 45. Kf4 Rf2+ 46. Kxe4 Rxf8 0-1

[Event "Late-Titled-Tuesday-Blitz-October-24-2023"]
[Site "Chess.com"]
[Date "2023.10.24"]
[Round "3"]
[White "SaqoChess_Twitch"]
[Black "AsselLesbekova"]
[Result "1-0"]
[WhiteElo "2555"]
[BlackElo "2288"]
[TimeControl "180+1"]
[EndTime "14:29:58 PDT"]
[Termination "SaqoChess_Twitch won by resignation"]

1. d4 d5 2. c4 e6 3. Nc3 a6 4. cxd5 exd5 5. Nf3 c6 6. Bf4 Bd6 7. e3 Nf6 8. Ne5 Qe7 9. Bd3 Nbd7 10. Nxd7 Bxd7 11.
Bxd6 Qxd6 12. O-O O-O 13. Qc2 Rfe8 14. b4 h6 15. a4 Ng4 16. g3 Nf6 17. Rfb1 Bh3 18. b5 axb5 19. axb5 c5 20. dxc5 Qxc5 21. Ne2 Qxc2 22. Bxc2 Nd7 23. Nf4 Be6 24. Bb3 Nb6 25. Rc1 g5 26. Ne2 Rxa1 27. Rxa1 Ra8 28. Rxa8+ Nxa8 29. Nc3 Nb6 30. Kf1 Kf8 31. Ke2 Ke7 32. Kd3 Kd6 33.
Kd4 h5 34. f4 f6 35. fxg5 fxg5 36. e4 dxe4 37. Nxe4+ Ke7 38. Bxe6 Kxe6 39. Nxg5+ Kf5 40. Ne4 Kg4 41. Nf6+ Kg5 42. Nd5 Nd7 43. Ne3 h4 44.
Kd5 Nf6+ 45. Ke5 hxg3 46. hxg3 Nd7+ 47. Kd6 Nf6 48. Kc7 Ne4 49. Nf1 Nc3 50. b6 Nd5+ 51. Kxb7 Kg4 52. Kc6 1-0

[Event "Late-Titled-Tuesday-Blitz-October-24-2023"]
[Site "Chess.com"]
[Date "2023.10.24"]
[Round "3"]
[White "ArtemDyachuk"]
[Black "MikaelyanArman"]
[Result "0-1"]
[WhiteElo "2639"]
[BlackElo "2916"]
[TimeControl "180+1"]
[EndTime "14:29:59 PDT"]
[Termination "MikaelyanArman won on time"]

1. e4 e5 2. Nf3 Nc6 3. Bc4 Bc5 4. c3 d6 5. O-O Nf6 6. d3 O-O 7. Bg5 h6 8. Bh4 g5 9. Bg3 Bb6 10. Bb3 Ne7 11. Nbd2 Ng6 12. Bc2 Nh5 13. Kh1 g4 14. Ng1 Qg5 15. Nc4 Nhf4 16. Ne2 h5 17. f3 h4 18. Bxf4 exf4 19. Ng1 h3 20. gxh3 g3 21. Qd2 Be3 22. Nxe3 fxe3 23. Qg2 Kg7 24. Qxg3 Qh5 25.
f4 f5 26. Qxe3 Bd7 27. e5 Bc6+ 28. Nf3 Nh4 29. Bd1 Kh7 30. Rg1 Nxf3 31. Rg3 Rg8 32. Rxf3 Qxh3 33. Qf2 Rg4 34. Be2 Rag8 35. exd6 Rxf4 36.
Rf1 cxd6 37. d4 Be4 38. d5 Rg5 39. c4 Rh5 40. Rg1 Rxf3 41. Bxf3 Qxf3+ 42. Rg2 Qxf2 0-1

[Event "Late-Titled-Tuesday-Blitz-October-24-2023"]
[Site "Chess.com"]
[Date "2023.10.24"]
[Round "3"]
[White "zivicd"]
[Black "KorolDimitriy75"]
[Result "0-1"]
[WhiteElo "2070"]
[BlackElo "2350"]
[TimeControl "180+1"]
[EndTime "14:29:59 PDT"]
[Termination "KorolDimitriy75 won by resignation"]

1. c4 c5 2. Nc3 g6 3. Nf3 Bg7 4. g3 Nc6 5. Bg2 Nh6 6. d4 cxd4 7. Nxd4 Nxd4 8. Bxh6 Bxh6 9. Qxd4 O-O 10. O-O Bg7 11.
Qd3 d6 12. Rfd1 Bf5 13. e4 Be6 14. b3 Qa5 15. Rac1 Rab8 16. a4 Rfc8 17. h3 a6 18. Nd5 Bxd5 19. cxd5 Rc5 20. Rxc5 Qxc5 21. Qc4 Rc8 22.
Rc1 Bd4 23. Qxc5 Bxc5 24. Kh2 Rb8 25. Bf1 Bxf2 26. Rc7 Kf8 27. b4 Ke8 28. b5 a5 29.
Rc2 Bc5 30. Kg2 Kd7 31. Kf3 Rf8 32. Bd3 b6 33. g4 e6 34. Bc4 Ke7 35. Rc1 e5 36.
Bd3 Kf6 37. h4 h6 38. Rf1 Kg7 39. Kg3 f6 40. h5 Rc8 41. Kf3 Bd4 42. Ke2 Rc3 43.
hxg6 Kxg6 44. Rb1 Kg5 45. Rd1 Kxg4 46. Rg1+ Bxg1 0-1

[Event "Late-Titled-Tuesday-Blitz-October-24-2023"]
[Site "Chess.com"]
[Date "2023.10.24"]
[Round "3"]
[White "twitchTriniCupid"]
[Black "midedu"]
[Result "1/2-1/2"]
[WhiteElo "2337"]
[BlackElo "2055"]
[TimeControl "180+1"]
[EndTime "14:29:59 PDT"]
[Termination "Game drawn by agreement"]

1. g3 Nf6 2. Bg2 g6 3. d4 Bg7 4. e4 d6 5. Ne2 O-O 6. h3 Na6 7. O-O c5 8. c3 Rb8 9. Be3 b5 10.
Nd2 Bb7 11. g4 e5 12. a4 b4 13. Ng3 bxc3 14. bxc3 Nd7 15. Rb1 exd4 16. cxd4 cxd4 17.
Bf4 Ne5 18. Nf3 d3 19. Be3 Nc5 20. Nxe5 Bxe5 21. f4 Bg7 22. e5 Bxg2 23. Rxb8 Qxb8 24. Kxg2 Rd8 25. Qf3 Qc7 26. Rc1 Qd7 27. Qd5 Nxa4 28. Qxd3 dxe5 29. Qxd7 Rxd7 30. f5 f6 31. Ne4 gxf5 32.
gxf5 Kf7 33. Rc6 Nb6 34. Nc5 Re7 35. Ne6 Nd5 36. Bc5 Rd7 37. Ra6 Nf4+ 38. Nxf4 exf4 39. Rxa7 Rxa7 40. Bxa7 Bh6 41. Kf3 Ke7 42. Bb8 Kd7 43. Bxf4 Bg7 44. Kg4 Kc6 1/2-1/2

[Event "Late-Titled-Tuesday-Blitz-October-24-2023"]
[Site "Chess.com"]
[Date "2023.10.24"]
[Round "3"]
[White "HansOnTwitch"]
[Black "rychessmaster1"]
[Result "1-0"]
[WhiteElo "3035"]
[BlackElo "2689"]
[TimeControl "180+1"]
[EndTime "14:30:00 PDT"]
[Termination "HansOnTwitch won by resignation"]

1. e4 c6 2. Nf3 d5 3. d3 Qc7 4.
Qe2 dxe4 5. dxe4 e5 6. Nbd2 h6 7. Nc4 Nd7 8. g3 Ne7 9. h4 g6 10. h5 g5 11. Bh3 Bg7 12. O-O Nb6 13. Bxc8 Rxc8 14. Ne3 O-O 15. a4 Rcd8 16. a5 Nbc8 17. b3 Rd7 18. Bb2 Rfd8 19. Ng4 f6 20. Rfd1 Rxd1+ 21. Rxd1 Rxd1+ 22. Qxd1 Qd6 23. Qe2 Qe6 24. Nd2 Nd6 25. c4 c5 26. Ne3 Nc6 27. Bc3 Nd4 28.
Qd1 f5 29. exf5 N6xf5 30. Nd5 e4 31. Qg4 e3 32. fxe3 Nxe3 33. Qxe6+ Nxe6 34. Bxg7 Nxd5 35. cxd5 Nxg7 36. g4 Kf7 37. Ne4 b6 38. Nd6+ Kf6 39. a6 Ke5 40. Nb5 Kxd5 41. Nxa7 Kd6 42. Kf2 Ne6 43.
Nb5+ Kc6 44. a7 Kb7 45. Ke3 Nd8 46. Ke4 Nc6 47. Nd6+ Kxa7 48. Nf5 Nd4 49. Nxh6 Nxb3 50. Nf7 c4 51. h6 Nc5+ 52. Ke3 c3 53. h7 c2 54. Kd2 Ne4+ 55. Kxc2 1-0

[Event "Late-Titled-Tuesday-Blitz-October-24-2023"]
[Site "Chess.com"]
[Date "2023.10.24"]
[Round "3"]
[White "stasOR4ik"]
[Black "expii"]
[Result "1-0"]
[WhiteElo "2383"]
[BlackElo "2233"]
[TimeControl "180+1"]
[EndTime "14:30:00 PDT"]
[Termination "stasOR4ik won by checkmate"]

1. e4 c5 2. c3 d6 3. d4 cxd4 4. cxd4 Nf6 5. Nc3 g6 6. Bc4 Bg7 7. Nf3 O-O 8. O-O Nc6 9. Re1 e5 10. dxe5 dxe5 11. Bg5 Qxd1 12. Raxd1 Bg4 13. Nd5 Nxd5 14.
Bxd5 Nd4 15. Rd3 Bxf3 16. gxf3 Kh8 17. Kg2 f6 18. Be3 Rab8 19. Bxd4 exd4 20. Rxd4 f5 21.
Ra4 Bxb2 22. Rb1 Be5 23. Rxa7 fxe4 24. Bxe4 b6 25. Rd1 Rfd8 26. Rad7 Rxd7 27. Rxd7 Rc8 28. h4 Rf8 29. h5 Rf6 30. Kh3 Kg8 31. hxg6 hxg6 32.
Kg4 Bf4 33. Rb7 Be5 34. Kg5 Rd6 35. Bxg6 Bf6+ 36. Kf5 Bd4 37. Bf7+ Kf8 38. Bc4 Bc5 39. Ke5 Ke8 40. f4 Kd8 41. f5 Kc8 42. Rh7 Kd8 43. f4 Ke8 44. Bd5 Kf8 45. f6 Rd8 46.
Rh8# 1-0

[Event "Late-Titled-Tuesday-Blitz-October-24-2023"]
[Site "Chess.com"]
[Date "2023.10.24"]
[Round "3"]
[White "Msb2"]
[Black "NikolaGry"]
[Result "1-0"]
[WhiteElo "3086"]
[BlackElo "2725"]
[TimeControl "180+1"]
[EndTime "14:30:03 PDT"]
[Termination "Msb2 won on time"]

1. d4 g6 2. c4 Bg7 3. e4 c5 4. d5 Qa5+ 5. Bd2 Qb6 6. Nc3 d6 7. Qc2 Nf6 8. Bd3 O-O 9. h3 Na6 10. a3 e6 11. Nf3 exd5 12. exd5 Re8+ 13. Be3 Qd8 14. O-O Nc7 15. a4 Na6 16. Qd2 Nb4 17. Bb1 Nh5 18. Ra3 a6 19. Bg5 Qc7 20. g4 Nf6 21. Qf4 Nd7 22. Ne4 f6 23. Nxf6+ Bxf6 24. Bxf6 Rf8 25. g5 Nxf6 26. gxf6 Qd8 27. Re1 Rxf6 28.
Re8+ Qxe8 29. Qxf6 Qf8 30. Qxf8+ Kxf8 31. Ng5 Bd7 32.
Rf3+ Kg8 33. Ne4 Bxa4 34. Nxd6 b5 35. Ne4 bxc4 36. Nxc5 Bb5 37. d6 Rd8 38. Ne6 Re8 39.
Re3 Nd5 40. Nc7 Nxe3 41. Nxe8 Bxe8 42. fxe3 Kf7 43. Ba2 Bb5 44. Kf2 Ke6 45. Kf3 Kxd6 46. Kf4 h6 47. h4 Kc5 48. Bb1 Be8 49. Ke5 a5 50. e4 a4 51. Bc2 Kb4 52. Kd4 g5 53.
hxg5 hxg5 54. Bd1 c3 55. bxc3+ Ka5 56. c4 Kb4 57. Bxa4 Bxa4 58. Ke5 1-0

[Event "Late-Titled-Tuesday-Blitz-October-24-2023"]
[Site "Chess.com"]
[Date "2023.10.24"]
[Round "3"]
[White "SpeedofLight0"]
[Black "jk13"]
[Result "1-0"]
[WhiteElo "2993"]
[BlackElo "2685"]
[TimeControl "180+1"]
[EndTime "14:30:05 PDT"]
[Termination "SpeedofLight0 won by resignation"]

1. d4 Nf6 2. Nf3 e6 3. c4 Bb4+ 4. Bd2 Bxd2+ 5. Qxd2 O-O 6. Nc3 d5 7. e3 Qe7 8. Bd3 dxc4 9. Bxc4 Rd8 10. O-O c5 11.
Rad1 Nc6 12. a3 b6 13. Qc2 Bb7 14. Ba2 g6 15. Rd2 Rac8 16. Rfd1 cxd4 17. exd4 Na5 18.
Ne5 Nd5 19. Re1 Qg5 20. g3 Rc7 21. Qd3 Nxc3 22. bxc3 Bd5 23. c4 Nxc4 24. Rc2 Nxe5 25. dxe5 Rxc2 26. Qxc2 Bxa2 27. Qxa2 Qd2 28. Qb1 Qc3 29.
Re3 Qc5 30. h4 h5 31. Kg2 Rd2 32. Qe4 a5 33. Qf4 Rd4 34. Qf6 Qd5+ 35. Rf3 Qb7 36. Kh2 Rd1 37. Qf4 b5 38. Qe3 b4 39. Qb3 Re1 40.
axb4 axb4 41. Kg2 Rxe5 42. Kf1 Qb5+ 43. Kg2 Qb7 44. Kf1 Rd5 45. Rf4 Qb5+ 46. Kg2 Qc6 47. Qf3 b3 48. Rxf7 Qe8 49. Rb7 Rf5 50. Qxb3 Qc6+ 51.
f3 Rxf3 52. Qxf3 Qc2+ 53. Kh3 Qf5+ 54. Qxf5 1-0

[Event "Late-Titled-Tuesday-Blitz-October-24-2023"]
[Site "Chess.com"]
[Date "2023.10.24"]
[Round "3"]
[White "Fandorine"]
[Black "rockstar0902"]
[Result "1-0"]
[WhiteElo "2909"]
[BlackElo "2623"]
[TimeControl "180+1"]
[EndTime "14:30:07 PDT"]
[Termination "Fandorine won on time"]

1. d4 d5 2. Nf3 Nf6 3. c3 Bf5 4. Qb3 b6 5. Bf4 e6 6. c4 Nc6 7.
e3 Na5 8. Qa4+ Qd7 9. Qxd7+ Nxd7 10. Nbd2 c6 11. Be2 Be7 12. O-O O-O 13. Rfc1 Nxc4 14. Nxc4 dxc4 15. Bxc4 c5 16. Ba6 Be4 17. Nd2 Bd5 18.
e4 Bc6 19. f3 Rad8 20. Nb3 Nb8 21. Bf1 Ba4 22. dxc5 Bxb3 23. axb3 Bxc5+ 24. Kh1 Nc6 25. h4 e5 26. Bg3 Rd2 27. Bc4 Rxb2 28. Bd5 Nd4 29.
Bxe5 Kh8 30. Rxa7 f6 31. Bxd4 Bxd4 32. h5 Be5 33. Kg1 Bd4+ 34. Kh1 Be5 35. Rf7 Rd8 36.
Rd7 Rf8 37. Be6 g6 38. h6 Re8 39. Bd5 f5 40. exf5 gxf5 41. Rf7 Bf4 42. Re7 1-0

[Event "Late-Titled-Tuesday-Blitz-October-24-2023"]
[Site "Chess.com"]
[Date "2023.10.24"]
[Round "3"]
[White "mind1mover"]
[Black "balachess2006"]
[Result "0-1"]
[WhiteElo "2808"]
[BlackElo "2573"]
[TimeControl "180+1"]
[EndTime "14:30:07 PDT"]
[Termination "balachess2006 won on time"]

1. Nf3 Nf6 2. b3 g6 3. Bb2 Bg7 4. g3 O-O 5. Bg2 d5 6. c4 Nc6 7. cxd5 Nxd5 8. Bxg7 Kxg7 9. d4 Bg4 10. O-O Nf6 11.
Nc3 Bxf3 12. Bxf3 Qxd4 13. Qxd4 Nxd4 14. Bxb7 Rab8 15. Bg2 c5 16. e3 Nc2 17. Rac1 Nb4 18. Rfd1 Rfd8 19. Bf1 e6 20. Rxd8 Rxd8 21. a3 Nbd5 22. Na4 Ne4 23. Nxc5 Nxc5 24. Rxc5 Nb6 25. Rc7 Rd7 26. Rxd7 Nxd7 27. Kg2 f5 28. Kf3 e5 29.
Ke2 Kf6 30. Kd2 Nc5 31. Bc4 Ke7 32. f3 h6 33. b4 Nd7 34. a4 Kd6 35. a5 Nb8 36.
Kc3 Nd7 37. Bf7 g5 38. f4 gxf4 39. gxf4 Nf6 40. Bg6 Nd5+ 41. Kc4 Nxe3+ 42. Kb5 exf4 43. Bh5 Kc7 44. Bf3 Kb8 45. h4 Nf1 0-1

[Event "Late-Titled-Tuesday-Blitz-October-24-2023"]
[Site "Chess.com"]
[Date "2023.10.24"]
[Round "3"]
[White "Krakozia"]
[Black "Nf3c5"]
[Result "0-1"]
[WhiteElo "2927"]
[BlackElo "2621"]
[TimeControl "180+1"]
[EndTime "14:30:08 PDT"]
[Termination "Nf3c5 won on time"]

1. e4 c5 2. Nf3 Nc6 3. Bb5 e6 4. O-O Nge7 5. Re1 Nd4 6. Nxd4 cxd4 7. c3 a6 8. Bf1 Nc6 9. b4 Bd6 10. Na3 Qf6 11. Nc4 Bc7 12. cxd4 Nxd4 13. e5 Qg6 14. Re3 b5 15. Bd3 Qh6 16. Be4 Rb8 17. Rh3 Qg5 18. d3 Qe7 19. Nd6+ Bxd6 20. exd6 Qxd6 21. Bb2 Bb7 22. Qg4 Bxe4 23. Qxg7 Rf8 24. dxe4 Ne2+ 25. Kh1 Rc8 26. Rxh7 e5 27. Qxe5+ Qxe5 28. Bxe5 Rc4 29.
Bd6 Rg8 30. f3 Nd4 31. Rd1 Rc2 32. Bg3 Ne2 33. Rh3 Nc3 34. Rf1 Nxa2 35. Rh5 Nxb4 36.
Re5+ Kd8 37. Rf5 Ke8 38. Re5+ Kd8 39. Rh5 Nc6 40. Rf5 Ke7 41. Rf4 b4 42. Bh4+ Ke8 43. g4 b3 0-1

[Event "Late-Titled-Tuesday-Blitz-October-24-2023"]
[Site "Chess.com"]
[Date "2023.10.24"]
[Round "3"]
[White "le-castor-faineant"]
[Black "jaskol95"]
[Result "0-1"]
[WhiteElo "2264"]
[BlackElo "2545"]
[TimeControl "180+1"]
[EndTime "14:30:10 PDT"]
[Termination "jaskol95 won by resignation"]

1. e4 d5 2. exd5 Nf6 3. d4 Bg4 4. Be2 Bxe2 5. Qxe2 Qxd5 6. Nf3 e6 7. O-O Be7 8. c4 Qh5 9. Bf4 Bd6 10. Bxd6 cxd6 11. d5 e5 12. Nc3 O-O 13. Nb5 Ne8 14.
c5 dxc5 15. Qxe5 Qxe5 16. Nxe5 a6 17. Nc3 f6 18. Nd3 Nd7 19. Ne4 Nc7 20. Ndxc5 Nxc5 21. Nxc5 Nxd5 22. Nxb7 Rfb8 23. Rfd1 Rxb7 24. Rxd5 Rxb2 25. Ra5 Rb5 26. Rxb5 axb5 27. g3 Kf7 28. Rb1 Ra5 29. Kg2 Ke6 30. Kf3 Kd5 31. Rb2 Kc4 32. Ke3 Kc3 33. Re2 Ra7 34. Kf4 b4 35. h4 g6 36.
g4 Rd7 37. g5 Rd4+ 38. Ke3 fxg5 39. hxg5 Rd3+ 40. Ke4 Rd2 41. Re3+ Kc4 42. a4 Rxf2 43.
a5 Ra2 44. Ke5 Rxa5+ 45. Kf6 Rf5+ 46. Kg7 Rxg5 47. Kxh7 b3 48. Kh6 Rd5 0-1

[Event "Late-Titled-Tuesday-Blitz-October-24-2023"]
[Site "Chess.com"]
[Date "2023.10.24"]
[Round "3"]
[White "HanSchut"]
[Black "venturov"]
[Result "1-0"]
[WhiteElo "2313"]
[BlackElo "2504"]
[TimeControl "180+1"]
[EndTime "14:30:10 PDT"]
[Termination "HanSchut won by resignation"]

1. e4 Nf6 2. e5 Nd5 3. d4 d6 4. Nf3 dxe5 5. Nxe5 c6 6. Be2 Bf5 7. O-O Nd7 8. Nf3 e6 9. c4 N5f6 10. h3 Bd6 11. Be3 h6 12. Nc3 O-O 13. Rc1 Ne4 14.
Nxe4 Bxe4 15. Qb3 Qb6 16. Qxb6 axb6 17. a3 Rfd8 18. Rfd1 c5 19. Nd2 Bg6 20. Bf3 cxd4 21. Bxd4 Bc5 22. Nb3 e5 23. Bxc5 Nxc5 24. Nxc5 bxc5 25.
Bxb7 Rxd1+ 26. Rxd1 Rb8 27. Rd7 Kf8 28. b4 cxb4 29.
axb4 Ke8 30. Bc6 Rb6 31. b5 Be4 32. Rb7+ Rxc6 33. bxc6 Bxc6 34. Rc7 Bd7 35. f3 Kd8 36.
Ra7 Ke7 37. c5 Ke6 38. Kf2 Bc6 39. Ke3 g6 40. Rc7 Kd5 41. Rxf7 Kxc5 42. Rf6 Be8 43. Re6 Bf7 44. Rxe5+ Kd6 45. Re4 Be6 46. g4 Ke7 47. f4 Kf6 48. Ra4 h5 49. Ra6 hxg4 50.
hxg4 Kf7 51. Rxe6 Kxe6 52. Ke4 Kf6 53. Kd5 Kf7 54. Ke5 Ke7 55. g5 Kf7 56. Kd6 Ke8 57.
Ke6 Kf8 58. Kf6 Kg8 59. Kxg6 Kf8 60. f5 Kg8 61. Kf6 Kf8 62. g6 Kg8 63. g7 Kh7 64.
Kf7 Kh6 65. g8=Q 1-0

[Event "Late-Titled-Tuesday-Blitz-October-24-2023"]
[Site "Chess.com"]
[Date "2023.10.24"]
[Round "3"]
[White "BasilSmash"]
[Black "Angry_Twin"]
[Result "0-1"]
[WhiteElo "2645"]
[BlackElo "2944"]
[TimeControl "180+1"]
[EndTime "14:30:11 PDT"]
[Termination "Angry_Twin won on time"]

1. e4 c5 2. Nf3 d6 3. Bc4 Nf6 4. d3 e6 5. O-O Be7 6. c3 O-O 7. Bb3 Nc6 8. Re1 e5 9. h3 Na5 10. Bc2 h6 11. Nbd2 Be6 12. Nf1 Rc8 13. Ng3 Nc6 14.
Qe2 Re8 15. Be3 Bf8 16. Rad1 d5 17. exd5 Nxd5 18. Bc1 Qd7 19. Qf1 f6 20. Bb3 Bf7 21. Nh4 Nf4 22. Bxf7+ Qxf7 23. d4 cxd4 24. cxd4 Nxd4 25. Bxf4 exf4 26. Rxe8 Rxe8 27. Ngf5 Nxf5 28. Nxf5 Qe6 29. Nd4 Qxa2 30. Qb5 Qf7 31. Nf3 b6 32. Rd7 Qe6 33. Rxa7 Rd8 34. Kh2 Bc5 35. Qa4 Bxf2 36.
Qxf4 Qd6 37. Qxd6 Rxd6 38. Rb7 Kh7 39. g4 h5 40. Kg2 Bc5 41. Kg3 hxg4 42. hxg4 Rd3 43.
Kf4 Kh6 44. Nh4 g5+ 45. Kf5 gxh4 46. Kxf6 Rf3+ 47. Ke5 h3 48. g5+ Kxg5 0-1

[Event "Late-Titled-Tuesday-Blitz-October-24-2023"]
[Site "Chess.com"]
[Date "2023.10.24"]
[Round "3"]
[White "pasteta13"]
[Black "Maitreia"]
[Result "0-1"]
[WhiteElo "2457"]
[BlackElo "2645"]
[TimeControl "180+1"]
[EndTime "14:30:11 PDT"]
[Termination "Maitreia won on time"]

1. e4 c5 2. Ne2 g6 3. g3 Bg7 4. Bg2 Nc6 5. c3 Nf6 6. d4 cxd4 7. cxd4 d6 8. Nbc3 O-O 9. h3 e5 10. Be3 exd4 11. Nxd4 Nxd4 12. Bxd4 Be6 13. O-O Qd7 14. Kh2 Rfe8 15. Qf3 Ng4+ 16. hxg4 Bxd4 17. g5 Rac8 18. Rfc1 Rc5 19. Qd3 Bxf2 20. Qd2 Rxc3 21. Qxc3 Qe7 22. Qd2 Bc5 23. b4 Bb6 24. a4 Bd8 25. a5 Qxg5 26. Qxg5 Bxg5 27. Rc7 a6 28. Rxb7 Rc8 29. Rb6 Rc2 30. Rxa6 Bg4 31. Kh1 Bf6 32. Rf1 Be5 33. Ra8+ Kg7 34. Ra7 Be6 35. Rf3 Rc1+ 36. Kh2 h5 37. a6 h4 38. Rb7 hxg3+ 39. Rxg3 Rc3 40. a7 Rxg3 41. Kh1 Ra3 42. b5 Ra1+ 43. Bf1 Rxf1+ 44. Kg2 Ra1 45. b6 d5 46. Rb8 dxe4 47.
a8=Q Rxa8 48. Rxa8 e3 49. Rd8 e2 50. Kf2 Bg4 51.
b7 Bg3+ 52. Kxg3 e1=Q+ 53. Kxg4 Qe4+ 0-1

[Event "Late-Titled-Tuesday-Blitz-October-24-2023"]
[Site "Chess.com"]
[Date "2023.10.24"]
[Round "3"]
[White "dianamirza"]
[Black "tylityli"]
[Result "1/2-1/2"]
[WhiteElo "2006"]
[BlackElo "2321"]
[TimeControl "180+1"]
[EndTime "14:30:12 PDT"]
[Termination "Game drawn by stalemate"]

1. e4 e5 2. Nf3 Nc6 3. Nc3 Nf6 4. g3 d5 5. exd5 Nxd5 6. Bg2 Be6 7.
O-O Nxc3 8. bxc3 Bd6 9. d4 exd4 10. cxd4 Be7 11. a4 O-O 12. Ba3 Bxa3 13. Rxa3 Bd5 14. Qd3 Bxf3 15. Bxf3 Qxd4 16. Qf5 Qe5 17. Qh3 Nd4 18. Bxb7 c6 19. Re3 Qd5 20. Qg2 Qxg2+ 21. Kxg2 Rab8 22. Re7 g6 23. a5 Nxc2 24. Bxc6 Nd4 25.
Bb7 Rfe8 26. Rfe1 Kf8 27. Rxe8+ Rxe8 28. Rxe8+ Kxe8 29. a6 Kd7 30. f4 Ne6 31. Bd5 Kd6 32.
Bc4 f5 33. Kf3 h6 34. g4 fxg4+ 35. Kxg4 Nc5 36. h4 Ke7 37. h5 Kf6 38. hxg6 Kxg6 39. f5+ Kg7 40. Kh5 Kf6 41. Kg4 Kg7 42. Kf4 Kf6 43.
Be2 h5 44. Bb5 h4 45. Kg4 h3 46. Kxh3 Kxf5 47. Kg2 Ke5 48. Kf2 Kd6 49. Ke3 Kc7 50. Kd4 Kb6 51. Kc4 Nxa6 52. Bxa6 Kxa6 53. Kb3 Ka5 54. Ka2 Kb5 55. Ka1 Ka4 56. Kb1 Ka3 57.
Ka1 a5 58. Kb1 a4 59. Ka1 Kb3 60. Kb1 a3 61. Ka1 a2 1/2-1/2

[Event "Late-Titled-Tuesday-Blitz-October-24-2023"]
[Site "Chess.com"]
[Date "2023.10.24"]
[Round "3"]
[White "chess94cu"]
[Black "slorovel"]
[Result "1-0"]
[WhiteElo "2648"]
[BlackElo "2473"]
[TimeControl "180+1"]
[EndTime "14:30:13 PDT"]
[Termination "chess94cu won by resignation"]

1. e4 e6 2. d4 d5 3. Nd2 c5 4. exd5 Qxd5 5. dxc5 Bxc5 6. Ngf3 Nf6 7. Bc4 Qd8 8. Qe2 O-O 9. O-O Nbd7 10. c3 a5 11. a4 b6 12. Nb3 Be7 13. Rd1 Qc7 14. Nbd4 Nc5 15. Nb5 Qb8 16. Ne5 Bb7 17. Bf4 Qc8 18. Nd6 Bxd6 19. Rxd6 Nd5 20. Bg3 Rd8 21. Rxd8+ Qxd8 22. Rd1 Qg5 23. h4 Qf6 24. Ng4 Qe7 25.
Bxd5 Bxd5 26. Rxd5 Nxa4 27. h5 h6 28. Qe4 Re8 29.
Rb5 Nc5 30. Qe2 Qd8 31. Be5 f6 32. Bd4 Na4 33. Qc4 Nc5 34. Bxc5 bxc5 35. Rxc5 Qd1+ 36.
Kh2 Qd6+ 37. g3 Kh7 38. Rc6 Qd2 39. Rxe6 Rg8 40. Qe4+ Kh8 41. Re8 Qg5 42. Rxg8+ Kxg8 43. Qe8+ Kh7 44. Qg6+ Qxg6 45. hxg6+ Kxg6 46. Ne3 Kf7 47. b3 1-0

[Event "Late-Titled-Tuesday-Blitz-October-24-2023"]
[Site "Chess.com"]
[Date "2023.10.24"]
[Round "3"]
[White "Mikhal867"]
[Black "filipluczak05"]
[Result "1-0"]
[WhiteElo "2441"]
[BlackElo "2608"]
[TimeControl "180+1"]
[EndTime "14:30:13 PDT"]
[Termination "Mikhal867 won by resignation"]

1. d4 g6 2. e4 Bg7 3. Nc3 c5 4. d5 a6 5. a4 d6 6. h4 Nf6 7. Be2 h5 8. Nh3 Bxh3 9. Rxh3 Nbd7 10.
Bg5 Qa5 11. Kf1 Ne5 12. Kg1 O-O 13. Bxf6 exf6 14. f4 Nd7 15. g4 hxg4 16. Bxg4 f5 17. exf5 Nf6 18. fxg6 fxg6 19. Be6+ Kh7 20. h5 Nxh5 21.
Rxh5+ gxh5 22. Qxh5+ Bh6 23. Bf5+ Rxf5 24. Qxf5+ Kh8 25.
Kh1 Qd8 26. Qh5 Qf6 27. f5 Rg8 28. Rg1 Rxg1+ 29. Kxg1 Kg7 30. Kg2 Qd4 31. Qg6+ Kf8 32. Qxh6+ Ke8 33. Qe6+ Kf8 34. Qxd6+ Kg8 35. Qg3+ Kf8 36.
Qf2 Qg4+ 37. Kf1 Qc4+ 38. Ke1 b5 39. axb5 axb5 40. Kd2 b4 41. Ne2 Qxd5+ 42. Kc1 Kf7 43.
Ng3 b3 44. cxb3 Qxb3 45. Qf4 c4 46. Ne4 c3 47. Nxc3 Qb6 48. Qe4 Qg1+ 49. Kc2 Qf2+ 50. Kb3 Qb6+ 51. Ka3 Qf2 52. b4 Qg3 53. Kb3 Qg1 54.
Qe6+ Kf8 55. f6 1-0

[Event "Late-Titled-Tuesday-Blitz-October-24-2023"]
[Site "Chess.com"]
[Date "2023.10.24"]
[Round "3"]
[White "OPQRC"]
[Black "Nyzhnyk_Illia"]
[Result "0-1"]
[WhiteElo "2589"]
[BlackElo "2842"]
[TimeControl "180+1"]
[EndTime "14:30:16 PDT"]
[Termination "Nyzhnyk_Illia won by resignation"]

1. e4 c5 2. Nf3 d6 3. c3 Nf6 4.
Be2 g6 5. O-O Bg7 6. Re1 O-O 7.
Bf1 Bg4 8. d3 Nc6 9. Nbd2 e5 10.
h3 Be6 11. Nc4 h6 12. a4 Re8 13. g3 Qc7 14. Bg2 Rad8 15. Nfd2 d5 16. exd5 Bxd5 17. Bxd5 Rxd5 18. Qc2 Qd7 19. Ne4 Qxh3 20. Ne3 Rdd8 21. Nxc5 Nd4 22. cxd4 exd4 23. Ne4 Nxe4 24. dxe4 dxe3 25.
Bxe3 Re5 26. Qe2 Rxe4 27. Rad1 Rxd1 28. Rxd1 Rxa4 29. Qf3 Qc8 30. b3 Ra6 31. Rc1 Rc6 32. Rxc6 Qxc6 33. Qxc6 bxc6 34. Bxa7 f5 35. Kf1 Kf7 36.
Ke2 Ke6 37. Kd3 Kd5 38. Be3 g5 39. Ba7 h5 40. Be3 h4 41. gxh4 gxh4 42. Ke2 Ke4 43. f3+ Kd5 44. Kf1 Bd4 45. Bg5 h3 46. Bf4 Bc5 47. Bh2 Be3 48. Ke2 Kd4 49. Bg3 Bg1 50.
Kf1 h2 51. Kg2 Kc3 52. Be5+ Kxb3 53. f4 c5 54. Bf6 c4 55. Be5 c3 56. Bxc3 Kxc3 57. Kh1 Kd4 58. Kg2 Ke4 59. Kh1 Kxf4 60. Kg2 Kg4 61. Kh1 f4 62. Kg2 Be3 63. Kh1 f3 64. Kxh2 Bf4+ 65. Kg1 Kg3 66. Kf1 f2 67. Ke2 Kg2 0-1